[Event "Titled Tuesday Blitz November 22 Early 2022"]
[White "Berezin, Viktor"]
[Black "Chigaev, Maksim"]
[WhiteFideId "14107872"]
[BlackFideId "4108116"]
[WhiteElo "2310"]
[BlackElo "2541"]
[Result "0-1"]
[Round "02"]
[TimeControl "180+1"]
[Date "2022.11.23"]
[WhiteClock "0:00:02"]
[BlackClock "0:00:41"]

1. d4 Nf6 2. Nf3 g6 3. g3 Bg7 4. Bg2 O-O 5. O-O d6 6. a4 a5 7. Nc3 Nc6 8. e4 Bg4 9. h3 Bxf3 10. Bxf3 Nd7 11. Be3 e5 12. Ne2 Qf6 13. Bg2 exd4 14. Bc1 Rfe8 15. Nf4 Nb6 16. Ra3 Ne5 17. c3 dxc3 18. Rxc3 c6 19. Be3 Nbd7 20. Kh1 b6 21. Bd4 Nc5 22. Ne2 Qe7 23. f4 Ned7 24. Bxg7 Kxg7 25. Re3 Nf6 26. Nc3 Rad8 27. Rfe1 Kg8 28. Qf3 Nfd7 29. g4 g5 30. Ne2 Ne6 31. f5 Nec5 32. Qf2 Qe5 33. Nc3 Nf6 34. Qe2 h6 35. Kg1 Kg7 36. Rd1 d5 37. Nb1 dxe4 38. Re1 Rd4 39. Nc3 Nd3 40. Rd1 Nf4 41. Qe1 Rxd1 42. Qxd1 N6d5 43. Nxd5 cxd5 44. Rb3 e3 45. Qe1 e2 46. Bf3 d4 47. Kf2 d3 48. Rxb6 Qc5+ 49. Kg3 Qxb6 50. f6+ Qxf6 0-1


[Site "https://www.chess.com"]

[Event "Titled Tuesday Blitz November 22 Early 2022"]
[White "Bluebaum, Matthias"]
[Black "Darini, Pouria"]
[WhiteFideId "24651516"]
[BlackFideId "12502200"]
[WhiteElo "2633"]
[BlackElo "2483"]
[Result "1-0"]
[Round "02"]
[TimeControl "180+1"]
[Date "2022.11.22"]
[WhiteClock "0:02:26"]
[BlackClock "0:00:45"]

1. d4 Nf6 2. c4 e6 3. Nc3 Bb4 4. e3 O-O 5. Bd2 d5 6. Nf3 b6 7. cxd5 exd5 8. Rc1 a6 9. Bd3 Bb7 10. O-O Nbd7 11. Ne5 Nxe5 12. dxe5 Nd7 13. f4 Nc5 14. Bc2 d4 15. Na4 Bxd2 16. Qxd2 Nxa4 17. Bxa4 dxe3 18. Qxe3 Qe7 19. f5 Qb4 20. Bb3 c5 21. Rc4 Qb5 22. f6 Qc6 23. Rg4 1-0


[Site "https://www.chess.com"]

[Event "Titled Tuesday Blitz November 22 Early 2022"]
[White "Bon, Michael"]
[Black "Ferreira, Vitor Hugo Vieira"]
[WhiteFideId "620696"]
[BlackFideId "2119765"]
[WhiteElo "2318"]
[BlackElo "2168"]
[Result "1-0"]
[Round "02"]
[TimeControl "180+1"]
[Date "2022.11.23"]
[WhiteClock "0:01:03"]
[BlackClock "0:01:56"]

1. e4 c5 2. Nf3 d6 3. d4 cxd4 4. Nxd4 Nf6 5. Nc3 a6 6. Bg5 e6 7. f4 Be7 8. Qf3 h6 9. Bh4 Qc7 10. O-O-O Nbd7 11. Be2 O-O 12. g4 Re8 13. g5 hxg5 14. Bxg5 b5 15. Rhg1 b4 16. Na4 Bb7 17. Bd3 Nc5 18. Nxc5 dxc5 19. Qh3 cxd4 20. e5 Ne4 21. Bxe7 Qxe7 22. Rxg7+ Kxg7 23. Rg1+ Ng5 24. Qh7+ Kf8 25. Qh8# 1-0


[Site "https://www.chess.com"]

[Event "Titled Tuesday Blitz November 22 Early 2022"]
[White "Boraso, Alessio"]
[Black "Ginzburg, Yakov"]
[WhiteFideId "848077"]
[BlackFideId "4157176"]
[WhiteElo "2286"]
[BlackElo "2305"]
[Result "0-1"]
[Round "02"]
[TimeControl "180+1"]
[Date "2022.11.23"]
[WhiteClock "0:00:01"]
[BlackClock "0:00:09"]

1. e4 c5 2. Nf3 e6 3. b3 d5 4. exd5 Qxd5 5. Bb2 Nf6 6. Bb5+ Nc6 7. Nc3 Qd6 8. O-O Be7 9. Qe2 a6 10. Bd3 Nd4 11. Nxd4 Qxd4 12. Rae1 O-O 13. Kh1 b5 14. Qf3 Rb8 15. Nd1 Qh4 16. Be5 Bb7 17. Qg3 Qxg3 18. hxg3 Rbd8 19. f3 c4 20. bxc4 bxc4 21. Bxc4 Rxd2 22. Bd3 Bb4 23. Bc3 Rxd1 24. Bxb4 Rxe1 25. Rxe1 Rc8 26. Kg1 Nd5 27. Bd2 g6 28. Rb1 Bc6 29. Bxa6 Ra8 30. Bc4 h5 31. Kf2 Kg7 32. Bb3 f6 33. c4 Nb6 34. Bc3 Na4 35. Ba1 Nc5 36. Rd1 e5 37. Bc3 Ba4 38. Rb1 g5 39. Bd2 Kg6 40. Be3 Nd3+ 41. Ke2 Bxb3 42. axb3 Nb4 43. Bd2 Ra2 44. Kd1 Nd3 45. b4 Nb2+ 46. Rxb2 Rxb2 47. c5 Kf7 48. Bc3 Rxg2 49. b5 h4 50. gxh4 gxh4 51. b6 h3 52. Ke1 h2 0-1


[Site "https://www.chess.com"]

[Event "Titled Tuesday Blitz November 22 Early 2022"]
[White "Bortnyk, Olexandr"]
[Black "Vaishali, Rameshbabu"]
[WhiteFideId "14120828"]
[BlackFideId "5091756"]
[WhiteElo "2723"]
[BlackElo "2351"]
[Result "1-0"]
[Round "02"]
[TimeControl "180+1"]
[Date "2022.11.22"]
[WhiteClock "0:00:24"]
[BlackClock "0:00:05"]

1. d4 Nf6 2. Nc3 d5 3. Bf4 g6 4. e3 Bg7 5. h4 h5 6. Nb5 Na6 7. Be2 O-O 8. Nf3 Ne4 9. c4 c5 10. O-O Bg4 11. cxd5 Qxd5 12. Nc3 Nxc3 13. bxc3 cxd4 14. cxd4 Rac8 15. Qb3 Rfd8 16. Rfc1 Qxb3 17. axb3 Nb4 18. Rxc8 Rxc8 19. Rxa7 Rc1+ 20. Kh2 Bf6 21. Rxb7 Nd5 22. Bg5 Rc2 23. Bxf6 exf6 24. Bc4 Nxe3 25. fxe3 Bxf3 26. Rxf7 Rxg2+ 27. Kh3 Kh8 28. Rxf6 Be4 29. Rf4 Bb7 30. Rf8+ Kg7 31. Rf7+ Kh6 32. Rxb7 Rg4 33. Re7 g5 34. Re6+ Kg7 35. hxg5 Rxg5 36. Re5 Rg4 37. Rxh5 Rg1 38. Re5 Re1 39. d5 Kh6 40. d6 Rd1 41. Re6+ Kh5 42. Re5+ Kh6 43. Rd5 Re1 44. d7 Rxe3+ 45. Kg2 Re7 46. d8=Q Rg7+ 47. Kh2 1-0


[Site "https://www.chess.com"]

[Event "Titled Tuesday Blitz November 22 Early 2022"]
[White "Boruchovsky, Avital"]
[Black "Fecker, Noah"]
[WhiteFideId "2800055"]
[BlackFideId "1334263"]
[WhiteElo "2458"]
[BlackElo "2291"]
[Result "1-0"]
[Round "02"]
[TimeControl "180+1"]
[Date "2022.11.23"]
[WhiteClock "0:01:42"]
[BlackClock "0:02:24"]

1. d4 Nf6 2. Bf4 c5 3. d5 e6 4. c4 b5 5. Nc3 b4 6. Nb5 exd5 7. Nc7+ Ke7 8. Nxd5+ Nxd5 9. Qxd5 Nc6 10. Qe4+ Kf6 11. Nf3 h6 12. h4 g6 13. Be5+ 1-0


[Site "https://www.chess.com"]

[Event "Titled Tuesday Blitz November 22 Early 2022"]
[White "Bristy, Mukherjee"]
[Black "Larina, Maria"]
[WhiteFideId "25077325"]
[BlackFideId "24113182"]
[WhiteElo "1715"]
[BlackElo "1848"]
[Result "1-0"]
[Round "02"]
[TimeControl "180+1"]
[Date "2022.11.23"]
[WhiteClock "0:00:21"]
[BlackClock "0:00:03"]

1. d4 f5 2. Nc3 Nf6 3. Bg5 d5 4. Bxf6 exf6 5. e3 Be6 6. Qf3 Qd7 7. Bd3 g6 8. h4 h5 9. Nge2 c6 10. Nf4 Bf7 11. Qg3 Rg8 12. f3 Bd6 13. O-O-O a5 14. Qh3 Na6 15. g3 Nb4 16. e4 Nxd3+ 17. Nxd3 fxe4 18. Qxd7+ Kxd7 19. fxe4 dxe4 20. Nxe4 Be7 21. Rhf1 f5 22. Ne5+ Ke6 23. Ng5+ Bxg5+ 24. hxg5 Be8 25. Rde1 Kd6 26. Re3 b5 27. Rfe1 c5 28. dxc5+ Kxc5 29. Rc3+ Kb6 30. Nf3 Bf7 31. Re7 Bd5 32. Ne5 Rge8 33. Nxg6 Rxe7 34. Nxe7 Be4 35. Ng6 Rg8 36. Nf4 Rxg5 37. Kd2 Rg4 38. Nxh5 Rg5 39. Nf4 Rg7 40. Ke1 b4 41. Rc8 Rxg3 42. Ne2 Rh3 43. c3 bxc3 44. bxc3 Rh1+ 45. Kd2 Ra1 46. Nc1 f4 47. Rf8 f3 48. Rf4 Bc6 49. Kc2 Kc5 50. Kb2 Rxc1 51. Kxc1 a4 52. a3 Kb5 53. Kd2 Kc5 54. Ke3 Kb5 55. Rb4+ Kc5 56. Rb8 Kd6 57. Rf8 Kc5 58. Kd3 Kd6 59. Kd4 Kc7 60. c4 Kb6 61. c5+ Kc7 62. Kc4 Kd7 63. Kd4 Kc7 64. Rf4 Kd7 65. Rf6 Kc7 66. Ke3 Kd7 67. Rh6 Kc7 68. Rh4 Kd7 69. Rh2 Ke6 70. Kd4 Kd7 71. Rf2 Ke6 72. Kc4 Kd7 73. Kb4 Ke6 74. Ka5 Kd5 75. Kb6 Ba8 76. c6 Bxc6 77. Rd2+ Kc4 78. Kxc6 Kc3 79. Rf2 Kb3 80. Rxf3+ 1-0


[Site "https://www.chess.com"]

[Event "Titled Tuesday Blitz November 22 Early 2022"]
[White "Buscar, Michael"]
[Black "Nguyen Hong Nhung"]
[WhiteFideId "2603616"]
[BlackFideId "12412201"]
[WhiteElo "2010"]
[BlackElo "1904"]
[Result "0-1"]
[Round "02"]
[TimeControl "180+1"]
[Date "2022.11.23"]
[WhiteClock "0:00:35"]
[BlackClock "0:00:21"]

1. d4 f5 2. g3 Nf6 3. Bg2 g6 4. Nh3 Bg7 5. Nf4 O-O 6. h4 d6 7. d5 c6 8. c4 Na6 9. Nd2 Qe8 10. Nf3 Nc5 11. Ng5 h6 12. Nf3 a5 13. Nd4 cxd5 14. cxd5 Nfe4 15. h5 g5 16. Ng6 Rf7 17. O-O e5 18. dxe6 Nxe6 19. Nxf5 Rxf5 20. Bxe4 Rf6 21. Qxd6 Nf4 22. Qe7 Nxe2+ 23. Kg2 Bg4 24. Be3 Bxh5 25. Qxb7 Bxg6 26. Qxa8 Bxe4+ 0-1


[Site "https://www.chess.com"]

[Event "Titled Tuesday Blitz November 22 Early 2022"]
[White "Cardoso Cardoso, Jose Gabriel"]
[Black "Paravyan, David"]
[WhiteFideId "4430492"]
[BlackFideId "4194985"]
[WhiteElo "2484"]
[BlackElo "2546"]
[Result "0-1"]
[Round "02"]
[TimeControl "180+1"]
[Date "2022.11.22"]
[WhiteClock "0:00:01"]
[BlackClock "0:00:12"]

1. d4 Nf6 2. Nc3 d5 3. Bf4 g6 4. e3 Bg7 5. h4 h5 6. Nf3 O-O 7. Bd3 Bg4 8. Qd2 c5 9. Ne5 cxd4 10. exd4 Nc6 11. f3 Be6 12. O-O-O Qb6 13. Rhe1 Nb4 14. a3 Nxd3+ 15. Qxd3 Bf5 16. Qe3 Rfc8 17. Rg1 Rxc3 18. bxc3 Qa5 19. g4 hxg4 20. fxg4 Qxa3+ 21. Kd2 Ne4+ 22. Ke1 Be6 23. h5 g5 24. Bh2 Rc8 25. Rd3 Qb2 26. c4 Qb1+ 27. Ke2 Qxc2+ 28. Kf3 Qxh2 29. Rdd1 Bxe5 30. dxe5 Rxc4 31. Rdf1 Qh3+ 32. Ke2 Rc2+ 0-1


[Site "https://www.chess.com"]

[Event "Titled Tuesday Blitz November 22 Early 2022"]
[White "Caruana, Fabiano"]
[Black "Csonka, Balazs"]
[WhiteFideId "2020009"]
[BlackFideId "742910"]
[WhiteElo "2847"]
[BlackElo "2404"]
[Result "1-0"]
[Round "02"]
[TimeControl "180+1"]
[Date "2022.11.22"]
[WhiteClock "0:00:04"]
[BlackClock "0:00:02"]

1. d4 d5 2. c4 e6 3. Nf3 Nf6 4. g3 dxc4 5. Bg2 c6 6. O-O b5 7. b3 cxb3 8. Qxb3 Bb7 9. a4 a6 10. Rd1 Be7 11. Nc3 O-O 12. Ne5 Nd5 13. Nxd5 cxd5 14. axb5 axb5 15. Rxa8 Bxa8 16. Qxb5 Bd6 17. Bf4 Bxe5 18. Bxe5 Nc6 19. Bf4 Ne7 20. Rc1 Ng6 21. Bd2 Qb8 22. Qc5 Bb7 23. h4 Rc8 24. Qb4 Rxc1+ 25. Bxc1 Qc8 26. Ba3 Nf8 27. Bf3 Nd7 28. Kg2 Nf6 29. Qe7 Bc6 30. g4 Qe8 31. Qc7 Qd7 32. Qe5 Ne4 33. g5 Qd8 34. Bg4 Nc3 35. h5 h6 36. g6 Be8 37. gxf7+ Bxf7 38. Bxe6 Bxe6 39. Qxe6+ Kh8 40. Be7 Qe8 41. Qe5 Ne4 42. Bh4 Qf7 43. f3 Nd2 44. Bg3 Nc4 45. Qb8+ Kh7 46. Qb1+ Kh8 47. Qg6 Qe7 48. e4 dxe4 49. fxe4 Nd2 50. Be5 Kg8 51. Kf2 Qb7 52. Ke3 Nc4+ 53. Kf4 Nxe5 54. Kxe5 Qc7+ 55. Qd6 Qc3 56. Qe6+ Kh8 57. Qf5 Kg8 58. Qe6+ Kh8 59. Qe8+ Kh7 60. Qg6+ Kh8 61. Kd5 Qb3+ 62. Kd6 Qb6+ 63. Ke5 Qc7+ 64. Qd6 Qc1 65. d5 Qg1 66. Ke6 Qg5 67. Qe5 Qg4+ 68. Qf5 Qg3 69. d6 Qb3+ 70. Ke7 Qb8 71. d7 Qb4+ 72. Ke8 Qa4 73. e5 Qb5 74. Qe6 Qb8+ 75. d8=Q 1-0


[Site "https://www.chess.com"]

[Event "Titled Tuesday Blitz November 22 Early 2022"]
[White "Chan, Kim Yew"]
[Black "Kiseljova, Marya"]
[WhiteFideId "5717981"]
[BlackFideId "4155009"]
[WhiteElo "2206"]
[BlackElo "1907"]
[Result "1-0"]
[Round "02"]
[TimeControl "180+1"]
[Date "2022.11.23"]
[WhiteClock "0:00:02"]
[BlackClock "0:00:01"]

1. d4 d5 2. Nf3 e6 3. c4 c5 4. cxd5 exd5 5. g3 Nf6 6. Bg2 Nc6 7. O-O Be7 8. Nc3 O-O 9. dxc5 Bxc5 10. Na4 Bb6 11. Nxb6 axb6 12. Be3 Ng4 13. Bg5 Qd6 14. h3 Nf6 15. Qb3 Re8 16. Rfe1 Ne5 17. Rad1 Be6 18. Bxf6 gxf6 19. Nd4 Qd7 20. Kh2 h5 21. f4 Nc4 22. Nxe6 Qxe6 23. Bxd5 Qe3 24. Qxc4 Qf2+ 25. Bg2 Re3 26. Rg1 Qxg3+ 27. Kh1 Rae8 28. Rd2 R8e4 29. Bxe4 1-0


[Site "https://www.chess.com"]

[Event "Titled Tuesday Blitz November 22 Early 2022"]
[White "Chernov, Mikhail"]
[Black "Lohani, Sujana"]
[WhiteFideId "24143170"]
[BlackFideId "12311987"]
[WhiteElo "2113"]
[BlackElo "1691"]
[Result "1-0"]
[Round "02"]
[TimeControl "180+1"]
[Date "2022.11.23"]
[WhiteClock "0:01:53"]
[BlackClock "0:00:08"]

1. e4 g6 2. d4 Bg7 3. Nc3 d6 4. Be3 c6 5. Qd2 b5 6. f4 b4 7. Nce2 Qa5 8. Nf3 Nf6 9. e5 Nd5 10. Bf2 O-O 11. h4 h5 12. Ng5 dxe5 13. fxe5 e6 14. g4 c5 15. gxh5 gxh5 16. Rg1 cxd4 17. Ne4 Ne3 18. Bxe3 dxe3 19. Nf6+ Kh8 20. Qxe3 b3+ 21. Nc3 bxc2 22. Rxg7 Kxg7 23. Qg5+ Kh8 24. Qh6# 1-0


[Site "https://www.chess.com"]

[Event "Titled Tuesday Blitz November 22 Early 2022"]
[White "Chuemsakul, Sarocha"]
[Black "Grunberg, Mihai-Lucian"]
[WhiteFideId "6203710"]
[BlackFideId "1204149"]
[WhiteElo "1686"]
[BlackElo "2363"]
[Result "1/2-1/2"]
[Round "02"]
[TimeControl "180+1"]
[Date "2022.11.23"]
[WhiteClock "0:00:14"]
[BlackClock "0:00:15"]

1. d4 f5 2. Bg5 g6 3. h4 Bg7 4. h5 h6 5. Bc1 g5 6. Nc3 Nf6 7. b3 O-O 8. Bb2 d6 9. e3 e5 10. dxe5 dxe5 11. Bc4+ Kh8 12. Nf3 Nc6 13. Nxg5 Qxd1+ 14. Rxd1 hxg5 15. h6 Rd8 16. hxg7+ Kxg7 17. Rxd8 Nxd8 18. Nd5 Nxd5 19. Bxd5 Kf6 20. f4 gxf4 21. exf4 Nf7 22. Bxf7 Kxf7 23. Bxe5 c6 24. Rh8 b6 25. Kd2 Ke6 26. Rh6+ Ke7 27. Rh7+ Ke6 28. Rh8 Bb7 29. Rxa8 Bxa8 30. Ke3 c5 31. Bb8 Kd7 32. g3 Be4 33. c3 Bb1 34. a3 Ba2 35. b4 cxb4 36. axb4 a5 37. bxa5 bxa5 38. Kd2 Kc6 39. Kd3 Kb5 40. Bd6 a4 41. Ba3 Bb1+ 42. Kd4 Ba2 43. Ke5 Bb1 44. Kd4 Ba2 45. Be7 Bb1 46. c4+ Kc6 47. Kc3 Be4 48. Kb4 Bd3 49. c5 Bc2 50. Bf6 Bb3 51. Bb2 Bc2 52. Kc3 Bb3 53. Kd4 Kb5 54. Ba3 Kc6 55. Ke5 Bc2 56. Kf6 Bb1 57. Kg5 Kd5 58. g4 fxg4 59. Kxg4 Ke6 60. Kg5 Be4 61. Bb4 Bd3 62. c6 Be4 63. c7 Kd7 64. f5 Bxf5 65. Kxf5 Kxc7 66. Ke4 a3 67. Bxa3 1/2-1/2


[Site "https://www.chess.com"]

[Event "Titled Tuesday Blitz November 22 Early 2022"]
[White "Ciuffoletti, Paolo"]
[Black "Goroshkov, Maksym"]
[WhiteFideId "807630"]
[BlackFideId "14142716"]
[WhiteElo "2143"]
[BlackElo "2257"]
[Result "0-1"]
[Round "02"]
[TimeControl "180+1"]
[Date "2022.11.23"]
[WhiteClock "0:00:02"]
[BlackClock "0:00:21"]

1. e4 e5 2. Nf3 d6 3. d4 Bg4 4. dxe5 Nd7 5. exd6 Bxd6 6. Bb5 Nf6 7. Bg5 O-O 8. Bxd7 Qxd7 9. Bxf6 gxf6 10. O-O Rad8 11. Nbd2 f5 12. e5 Bxe5 13. Nxe5 Qxd2 14. Nxg4 fxg4 15. Qxg4+ Kh8 16. Rad1 Qxc2 17. Rxd8 Rxd8 18. Qg5 Re8 19. Qf6+ Kg8 20. Qg5+ Qg6 21. Qxg6+ hxg6 22. f3 Rd8 23. g4 Kg7 24. Kg2 Kf6 25. Rf2 c5 26. Kg3 g5 27. h4 gxh4+ 28. Kxh4 b5 29. Rc2 c4 30. Kg3 Rd3 31. Kf4 a6 32. b3 cxb3 33. axb3 a5 34. Ra2 Rxb3 35. Rxa5 Rb4+ 36. Ke3 Ke5 37. f4+ Kd5 38. Ra3 Re4+ 39. Kf3 b4 40. Ra5+ Kd4 41. Rf5 Re3+ 42. Kf2 Re7 43. Rb5 Kc4 44. Rb8 b3 45. Kf3 Kc3 46. f5 f6 47. Kf4 Rg7 48. Rc8+ Kd2 49. Rd8+ Kc2 50. Rc8+ Kb1 51. Rc6 Rf7 52. g5 fxg5+ 53. Kxg5 Rb7 54. Rc3 b2 55. Rg3 Ka1 56. Rg1+ Ka2 57. Rg2 Kb3 0-1


[Site "https://www.chess.com"]

[Event "Titled Tuesday Blitz November 22 Early 2022"]
[White "Colas, Joshua"]
[Black "Sadhwani, Raunak"]
[WhiteFideId "2044447"]
[BlackFideId "35093487"]
[WhiteElo "2347"]
[BlackElo "2656"]
[Result "0-1"]
[Round "02"]
[TimeControl "180+1"]
[Date "2022.11.22"]
[WhiteClock "0:02:47"]
[BlackClock "0:02:38"]

1. Nf3 d5 2. d4 c6 3. e3 Nf6 4. Bd3 Bg4 5. h3 Bh5 6. c4 e6 7. Nbd2 Nbd7 8. b3 Bd6 9. Bb2 O-O 10. Qc2 Bg6 11. e4 dxe4 12. Nxe4 Nxe4 13. Bxe4 Qa5+ 14. Bc3 Bxe4 0-1


[Site "https://www.chess.com"]

[Event "Titled Tuesday Blitz November 22 Early 2022"]
[White "Crevatin, Leo"]
[Black "Samunenkov, Ihor"]
[WhiteFideId "1726307"]
[BlackFideId "14187086"]
[WhiteElo "2208"]
[BlackElo "2441"]
[Result "1-0"]
[Round "02"]
[TimeControl "180+1"]
[Date "2022.11.23"]
[WhiteClock "0:00:14"]
[BlackClock "0:00:03"]

1. d4 Nf6 2. Bf4 c5 3. d5 d6 4. Nc3 e5 5. dxe6 Bxe6 6. e4 Be7 7. Nf3 O-O 8. Be2 Nc6 9. O-O d5 10. exd5 Nxd5 11. Nxd5 Bxd5 12. c3 Bf6 13. Qc2 Qb6 14. Nd2 Rfe8 15. Nc4 Bxc4 16. Bxc4 Ne5 17. Be2 Rad8 18. Rad1 g6 19. h3 Kg7 20. Rxd8 Rxd8 21. Rd1 Rxd1+ 22. Bxd1 Nc4 23. b3 Na3 24. Qd3 Nb5 25. Bd2 Qd6 26. Qxd6 Nxd6 27. Bf3 b6 28. a4 Kf8 29. Kf1 Ke7 30. Ke2 Ke6 31. Kd3 Be5 32. Be3 Nf5 33. Bd2 Nd6 34. g4 Ke7 35. Be3 Ke6 36. a5 Nb5 37. b4 Nxc3 38. bxc5 bxa5 39. c6 a4 40. Bd2 Nb5 41. Kc4 a3 42. Bd5+ Kd6 43. Bb4+ Kc7 44. Kxb5 Bd4 45. f3 f6 46. Bxa3 g5 47. Kc4 Be5 48. Bc5 h6 49. Bxa7 Kc8 50. Bb6 Kb8 51. Bd4 1-0


[Site "https://www.chess.com"]

[Event "Titled Tuesday Blitz November 22 Early 2022"]
[White "Cruz Mendez, Jean Marco"]
[Black "Skibbe, Willi"]
[WhiteFideId "3526402"]
[BlackFideId "4682190"]
[WhiteElo "2064"]
[BlackElo "2364"]
[Result "1-0"]
[Round "02"]
[TimeControl "180+1"]
[Date "2022.11.23"]
[WhiteClock "0:01:17"]
[BlackClock "0:00:43"]

1. e4 e5 2. Nf3 Nc6 3. Bc4 Bc5 4. c3 Nf6 5. d4 exd4 6. b4 Bb6 7. e5 d5 8. exf6 dxc4 9. b5 Na5 10. Qe2+ Be6 11. fxg7 Rg8 12. cxd4 Bxd4 13. Nxd4 Qxd4 14. Bb2 Qd3 15. Qxd3 cxd3 16. Nd2 O-O-O 17. O-O Nc4 18. Nxc4 Bxc4 19. Rfd1 Bxb5 20. Rd2 Ba4 21. Re1 Rge8 22. Rxe8 Rxe8 23. f3 Bc2 24. Kf2 Kd7 25. h4 Ke6 26. g4 f6 27. g5 fxg5 28. hxg5 Kf7 29. f4 c5 30. Kf3 b5 31. f5 b4 32. Rh2 Kg8 33. g6 h5 34. f6 Bd1+ 35. Kf4 Rf8 36. f7+ Rxf7+ 37. gxf7+ Kxf7 38. Kg5 c4 39. Rf2+ 1-0


[Site "https://www.chess.com"]

[Event "Titled Tuesday Blitz November 22 Early 2022"]
[White "D`Arruda, Ricardo D."]
[Black "Svane, Frederik"]
[WhiteFideId "100692"]
[BlackFideId "12923044"]
[WhiteElo "2491"]
[BlackElo "2466"]
[Result "1-0"]
[Round "02"]
[TimeControl "180+1"]
[Date "2022.11.23"]
[WhiteClock "0:00:41"]
[BlackClock "0:00:05"]

1. d4 d5 2. Nf3 Nf6 3. g3 Bf5 4. Bg2 e6 5. O-O c6 6. Nh4 h5 7. Nxf5 exf5 8. h4 Nbd7 9. Nd2 Bd6 10. e3 Ne4 11. c4 g5 12. cxd5 cxd5 13. hxg5 h4 14. gxh4 Rxh4 15. f4 Nxg5 16. fxg5 Bh2+ 17. Kf2 Qxg5 18. Qf3 Rg4 19. Rh1 Qh4+ 20. Ke2 Nf6 21. Nf1 Qg5 22. Rxh2 Ne4 23. Bd2 Kd7 24. Bh3 Ke6 25. Bxg4 fxg4 26. Qf4 Qg6 27. Rh6 Kd7 28. Rxg6 1-0


[Site "https://www.chess.com"]

[Event "Titled Tuesday Blitz November 22 Early 2022"]
[White "Danielian, Vardan"]
[Black "Stribuk, Artiom"]
[WhiteFideId "13301594"]
[BlackFideId "13515659"]
[WhiteElo "2551"]
[BlackElo "2371"]
[Result "0-1"]
[Round "02"]
[TimeControl "180+1"]
[Date "2022.11.23"]
[WhiteClock "0:00:01"]
[BlackClock "0:00:14"]

1. Nf3 Nf6 2. g3 g6 3. Bg2 Bg7 4. O-O O-O 5. d4 d5 6. c4 c6 7. cxd5 cxd5 8. Ne5 e6 9. Nc3 Nfd7 10. f4 Nc6 11. Be3 Ne7 12. Bf2 Nb6 13. e4 dxe4 14. Nxe4 Nbd5 15. Rc1 b6 16. Qb3 Bb7 17. Qa3 a5 18. Rfd1 Nf5 19. Nc4 Nb4 20. Ne5 Bd5 21. Nc3 Bxg2 22. Kxg2 Qb8 23. Qb3 Qb7+ 24. Kg1 Rac8 25. a3 Nc6 26. Nxc6 Rxc6 27. d5 Rd6 28. dxe6 Rxe6 29. Qd5 Qe7 30. Re1 Ne3 31. Qf3 Bd4 32. Kh1 Re8 33. Bg1 Nf5 34. Rxe6 Qxe6 35. Rf1 h5 36. Nd5 Rd8 37. Bxd4 Rxd5 0-1


[Site "https://www.chess.com"]

[Event "Titled Tuesday Blitz November 22 Early 2022"]
[White "Dardha, Daniel"]
[Black "Yurasova, Daria"]
[WhiteFideId "240990"]
[BlackFideId "34146919"]
[WhiteElo "2528"]
[BlackElo "2097"]
[Result "1-0"]
[Round "02"]
[TimeControl "180+1"]
[Date "2022.11.23"]
[WhiteClock "0:01:04"]
[BlackClock "0:00:10"]

1. e4 e5 2. Nf3 Nc6 3. Bc4 Bc5 4. d3 Nf6 5. h3 d6 6. Nc3 a6 7. a3 Ba7 8. Be3 h6 9. d4 O-O 10. O-O exd4 11. Nxd4 Nxd4 12. Bxd4 Bxd4 13. Qxd4 Re8 14. f4 b5 15. Ba2 Bb7 16. Rae1 c5 17. Qd3 Qb6 18. Kh2 c4 19. Qf3 Qd4 20. Rd1 Qc5 21. Rfe1 Rad8 22. b4 cxb3 23. Bxb3 Qxa3 24. Nxb5 Qc5 25. Nc3 Rc8 26. Rd3 a5 27. Rde3 Qb4 28. Rb1 Qc5 29. Bxf7+ Kxf7 30. Rxb7+ Kg8 31. Rb5 Qc7 32. Nd5 Nxd5 33. Rxd5 Qxc2 34. Rxa5 Ra8 35. Rd5 Qc1 36. Rxd6 Ra1 37. e5 Qg1+ 38. Kg3 Rf1 39. Qd5+ Kh8 40. Rf3 Rf8 41. Rxf1 Qxf1 42. Qf3 Qe1+ 43. Kh2 Rb8 44. Ra6 Rf8 45. Ra8 Rxa8 46. Qxa8+ Kh7 47. Qf3 Qd2 48. Qe4+ Kg8 49. e6 Qd6 50. e7 1-0


[Site "https://www.chess.com"]

[Event "Titled Tuesday Blitz November 22 Early 2022"]
[White "Deac, Bogdan-Daniel"]
[Black "Goryachkina, Aleksandra"]
[WhiteFideId "1226380"]
[BlackFideId "4147103"]
[WhiteElo "2648"]
[BlackElo "2484"]
[Result "1-0"]
[Round "02"]
[TimeControl "180+1"]
[Date "2022.11.22"]
[WhiteClock "0:00:09"]
[BlackClock "0:00:02"]

1. d4 Nf6 2. c4 e6 3. Nc3 d5 4. Nf3 Nbd7 5. g3 dxc4 6. Bg2 Be7 7. Nd2 Nb6 8. Nxc4 Nxc4 9. Qa4+ Bd7 10. Qxc4 Rb8 11. a4 O-O 12. O-O a6 13. a5 Ne8 14. Bf4 Nd6 15. Qd3 Nb5 16. Rac1 Bd6 17. Bd2 Qe7 18. Ne4 Bc6 19. Ng5 g6 20. Bxc6 bxc6 21. Rxc6 Rfd8 22. Nf3 Bb4 23. Rxa6 Bxd2 24. Qxd2 c5 25. Rb6 Rxb6 26. axb6 Nxd4 27. Nxd4 Rxd4 28. Qc3 Rb4 29. Ra1 e5 30. Ra7 Qd6 31. Qf3 Qe6 32. b7 Kg7 33. Qc3 Qd6 34. f3 Qb8 35. Qxc5 Rxb7 36. Rxb7 Qxb7 37. Qxe5+ f6 38. Qd4 Qb3 39. Kf2 Qc2 40. b4 Qb3 41. h4 1-0


[Site "https://www.chess.com"]

[Event "Titled Tuesday Blitz November 22 Early 2022"]
[White "Devaev, Alexander"]
[Black "Xu, Yi"]
[WhiteFideId "4169395"]
[BlackFideId "8605564"]
[WhiteElo "2225"]
[BlackElo "2471"]
[Result "0-1"]
[Round "02"]
[TimeControl "180+1"]
[Date "2022.11.23"]
[WhiteClock "0:00:01"]
[BlackClock "0:00:25"]

1. d4 Nf6 2. c4 e6 3. Nf3 d5 4. Nc3 c6 5. cxd5 exd5 6. Qc2 Bd6 7. Bg5 Nbd7 8. e3 Nf8 9. Bd3 Ng6 10. Nh4 Nxh4 11. Bxh4 Be7 12. Bxf6 Bxf6 13. O-O g6 14. b4 O-O 15. b5 cxb5 16. Nxb5 a6 17. Nc3 Be6 18. Qb3 Rb8 19. a4 Be7 20. Be2 Bd6 21. Bf3 b5 22. axb5 axb5 23. Nxb5 Rb6 24. Qd3 Bf5 25. Qe2 Bxh2+ 26. Kxh2 Qb8+ 27. Kg1 Rxb5 28. Qa2 Bd3 29. Rfc1 Bc4 30. Qa7 Qd8 31. Rab1 Rxb1 32. Rxb1 Qf6 33. Qc7 h5 34. Rb8 Rxb8 35. Qxb8+ Kg7 36. Kh2 Qh4+ 37. Kg1 Qe7 38. Qf4 Qe6 39. g3 f6 40. Qc7+ Kh6 41. Qb8 Kg7 42. Qb7+ Qf7 43. Qc6 g5 44. Qd6 Qb7 45. Bxh5 Qb1+ 46. Kh2 Qf1 47. Qd7+ Kh6 0-1


[Site "https://www.chess.com"]

[Event "Titled Tuesday Blitz November 22 Early 2022"]
[White "Diaz Rosas, Julio Cesar"]
[Black "Bilych, Olexiy"]
[WhiteFideId "5105099"]
[BlackFideId "14156504"]
[WhiteElo "2246"]
[BlackElo "2320"]
[Result "0-1"]
[Round "02"]
[TimeControl "180+1"]
[Date "2022.11.23"]
[WhiteClock "0:00:01"]
[BlackClock "0:00:20"]

1. e4 c5 2. Nf3 d6 3. d4 cxd4 4. Nxd4 Nf6 5. Nc3 a6 6. Bg5 e6 7. f4 Qb6 8. Qd2 Qxb2 9. Rb1 Qa3 10. Be2 Nc6 11. Nxc6 bxc6 12. O-O Be7 13. e5 dxe5 14. Bxf6 gxf6 15. Kh1 Qd6 16. Qe1 exf4 17. Bf3 O-O 18. Qh4 f5 19. Qh6 Qe5 20. Ne2 Bc5 21. Rbe1 Be3 22. Bxc6 Ra7 23. Qh4 Rc7 24. Ba4 Rc4 25. Bb3 Re4 26. Qh3 Bb7 27. Rd1 Kh8 28. c3 Bc5 29. Nc1 Rg8 30. Nd3 Qc7 31. Rd2 Re3 32. Qh4 Be7 33. Qxf4 Qxf4 34. Nxf4 Bg5 35. Nd3 Rh3 36. Rdd1 Be3 37. Ne1 f4 38. Rd7 Rg6 39. Nf3 Rxh2+ 0-1


[Site "https://www.chess.com"]